 Dungeon Crawl Stone Soup version 0.22-a0-135-g6f012ad (webtiles) character file.

8955 Azzok the Severer (level 11, -1/89 HPs)
             Began as a Minotaur Fighter on Feb 1, 2018.
             Was a High Priest of Okawaru.
             Killed from afar by Josephine (9 damage)
             ... with a ghostly fireball
             ... on level 10 of the Dungeon.
             The game lasted 00:22:32 (10213 turns).

Azzok the Severer (Minotaur Fighter)               Turns: 10213, Time: 00:22:33

Health: -1/89      AC: 21    Str: 24    XL:     11   Next: 16%
Magic:  5/12       EV:  6    Int:  8    God:    Okawaru [*****.]
Gold:   836        SH: 11    Dex: 10    Spells: 10/10 levels left

rFire    . . .     SeeInvis .   a - +0 war axe
rCold    + . .     Gourm    .   c - +0 shield
rNeg     . . .     Faith    +   d - +4 plate armour of Happy Babbling {+Blink rPois Int+3}
rPois    +         Spirit   .   (helmet restricted)
rElec    .         Reflect  .   m - +0 cloak
rCorr    .         Harm     .   (no gloves)
MR       .....                  n - +1 pair of boots
Stlth    ..........             b - amulet of faith
HPRegen  0.24/turn              r - ring of protection from cold
MPRegen  0.13/turn              (no ring)

@: heroism, finesse, heavily drained
A: retaliatory headbutt, horns 2
a: Heroism, Finesse, Renounce Religion, Evoke Blink


You were on level 10 of the Dungeon.
You worshipped Okawaru.
Okawaru was extremely pleased with you.
You were not hungry.

You visited 2 branches of the dungeon, and saw 11 of its levels.
You also visited: Bailey.

You collected 836 gold pieces.

Inventory:

Hand Weapons
 a - a +0 war axe (weapon)
 I - a +1 flail of protection
Missiles
 h - 3 javelins (quivered)
 l - 3 poisoned javelins
Armour
 c - a +0 shield (worn)
 d - the +4 plate armour of Happy Babbling (worn) {+Blink rPois Int+3}
   (You found it on level 7 of the Dungeon)

   It affects your intelligence (+3).
   It protects you from poison.
   It lets you blink.
 m - a +0 cloak (worn)
 n - a +1 pair of boots (worn)
Jewellery
 b - an amulet of faith (around neck)
 r - a ring of protection from cold (left hand)
Wands
 v - a wand of acid (15)
 B - a wand of disintegration (35)
Scrolls
 e - 5 scrolls of teleportation
 j - 4 scrolls of magic mapping
 k - 3 scrolls of identify
 o - 3 scrolls of enchant armour
 q - 3 scrolls of amnesia
 s - 3 scrolls of remove curse
 x - 3 scrolls of fog {unknown}
 y - 2 scrolls of fear {unknown}
 D - 2 scrolls of enchant weapon {unknown}
 E - a scroll of random uselessness {unknown}
 H - a scroll of immolation {unknown}
 J - 2 scrolls of blinking {unknown}
 K - a scroll of vulnerability {unknown}
Potions
 g - 2 potions of degeneration {unknown}
 i - 6 potions of curing {unknown}
 p - 2 potions of berserk rage {unknown}
 t - 2 potions of mutation {unknown}
 u - 3 potions of brilliance {unknown}
 w - 2 potions of flight {unknown}
 z - a potion of lignification {unknown}
 A - 3 potions of heal wounds {unknown}
 C - a potion of haste {unknown}
 G - 2 potions of invisibility {unknown}
 M - a potion of magic {unknown}
Books
 F - a Young Poisoner's Handbook

   Spells                             Type                      Level
   a - Sting                          Conjuration/Poison           1
   b - Poisonous Vapours              Poison/Air                   2
   c - Mephitic Cloud                 Conjuration/Poison/Air       3
   d - Olgreb's Toxic Radiance        Poison                       4
   e - Venom Bolt                     Conjuration/Poison           5
Comestibles
 f - 24 rations
 L - 4 chunks of flesh


   Skills:
 + Level 6.0(8.1) Fighting
 - Level 16.6(17.9) Axes
 + Level 3.7(6.0) Throwing
 + Level 6.1(8.2) Armour
 + Level 6.1(8.2) Shields
 + Level 3.8(1.4) Invocations


You had 10 spell levels left.
You didn't know any spells.

Dungeon Overview and Level Annotations

Branches:
Dungeon (10/15)            Temple (1/1) D:7            Lair (0/6) D:9
    Orc: D:9-12

Altars:
Ashenzari
Cheibriados
Dithmenos
Elyvilon
Fedhas
Gozag
Kikubaaqudgha
Makhleb
Nemelex Xobeh
Okawaru
Qazlal
Ru
Sif Muna
Trog
Uskayaw
Vehumet
Wu Jian
Xom
Yredelemnul
Zin
The Shining One

Annotations:
D:10 Josephine


Innate Abilities, Weirdness & Mutations

You reflexively headbutt those who attack you in melee.
You have a pair of horns on your head.


Message History

Josephine points at you and mumbles some strange words.
The ghostly flame explodes!
The ghostly fireball engulfs you!
You feel drained.
* * * LOW HITPOINT WARNING * * *
The ghostly fireball engulfs the wraith.
The wraith completely resists.
The ghostly fireball engulfs Josephine.
Josephine completely resists.
The wraith hits you but does no damage.
You can now deal lightning-fast blows.
You block Josephine's attack. The wraith barely misses you.
You furiously retaliate!
You headbutt the wraith, but do no damage.
Okay, then.
You completely miss Josephine.
Josephine is severely wounded.
You hit the wraith. x2
You hit Josephine. You headbutt Josephine.
Josephine is severely wounded.
You closely miss the wraith. You hit the wraith.
Josephine gestures at you while chanting.
The ghostly flame explodes!
The ghostly fireball engulfs you!
You feel drained.
You die...

▒·······▒ ▒·········
▒▒▒··▒▒▒▒ ▒▒▒▒▒·▒▒▒▒ ▒··▒▒▒
▒▒▒ ▒·▒··<
▒▒▒····▒▒▒▒·▒▒▒▒▒·▒···
▒▒···▒▒················
▒··▒▒▒▒······▒▒▒▒▒·▒··· ▒·▒▒
▒··▒▒(·▒▒····▒···
▒·▒▒▒▒▒@·▒▒··▒▒····▒·▒▒
▒▒·▒▒··@W··▒··▒▒····▒·▒▒
▒··▒▒···W▒·▒··▒▒·····<▒▒
▒·▒▒·····▒····▒▒·····▒▒·
▒···▒▒·▒··▒▒▒···▒▒···▒····
····▒▒▒▒···▒▒·▒▒··▒▒···▒▒▒·▒
▒@▒▒▒ ▒▒··▒▒···'▒··▒▒·▒▒▒▒··
▒· ▒··▒▒··8··▒▒··▒·▒▒····
▒···▒▒··8·8··▒▒···▒··▒▒▒
·····▒▒▒··8·_·8··▒▒▒···▒▒▒▒


You could see Josephine and 2 wraiths.

Vanquished Creatures
  2 two-headed ogres (D:8)
  3 hornets
  Grinder (D:6)
  Prince Ribbit (D:6)
  A hippogriff (D:8)
  10 yaks
  Sigmund (D:6)
  A wraith (D:10)
  Edmund (D:6)
  4 porcupines (D:9)
  3 sky beasts
  A black bear (D:9)
  An ice beast (D:5)
  3 phantoms
  2 centaurs
  4 ogres
  A crocodile (D:9)
  6 bullfrogs
  9 gnoll sergeants
  A wyvern zombie (D:9)
  4 scorpions
  3 howler monkeys
  2 bullfrog zombies
  A crimson imp (D:7)
  5 hounds
  Crazy Yiuf (D:2)
  4 jellies
  8 orc wizards
  6 gnoll shamans (Bailey)
  4 orc priests
  An iguana (D:9)
  A centaur skeleton (D:5)
  Natasha (thrice) (D:2)
  9 worker ants
  A howler monkey zombie (D:9)
  26 gnolls
  5 adders
  2 shadow imps
  An ooze (D:1)
  An adder skeleton (D:8)
  3 worms
  4 dart slugs
  5 leopard geckos
  25 orcs
  6 bats
  4 giant cockroaches
  7 goblins
  3 hobgoblins (D:1)
  11 jackals
  2 quokkas
  2 ball pythons
  2 frilled lizards
  3 kobolds
  A leopard gecko skeleton (D:4)
  3 rats (D:1)
  2 fungi
227 creatures vanquished.

Vanquished Creatures (others)
  4 fungi (D:9)
4 creatures vanquished.

Grand Total: 231 creatures vanquished

Notes
Turn   | Place    | Note
-------+----------+-------------------------------------------
     0 | D:1      | Azzok the Minotaur Fighter began the quest for the Orb.
     0 | D:1      | Reached XP level 1. HP: 19/19 MP: 0/0
    66 | D:1      | Reached skill level 3 in Axes
    97 | D:1      | Reached XP level 2. HP: 25/26 MP: 1/1
   332 | D:1      | Reached skill level 4 in Axes
   388 | D:1      | Reached XP level 3. HP: 31/31 MP: 2/2
  1009 | D:2      | Noticed Natasha
  1017 | D:2      | Killed Natasha
  1017 | D:2      | Reached skill level 5 in Axes
  1086 | D:2      | Noticed Natasha
  1097 | D:2      | Killed Natasha
  1097 | D:2      | Reached XP level 4. HP: 14/39 MP: 3/3
  1310 | D:2      | Found a shadowy altar of Dithmenos.
  1311 | D:2      | Found a basalt altar of Yredelemnul.
  1503 | D:2      | Noticed Natasha
  1515 | D:2      | Killed Natasha
  1515 | D:2      | Reached skill level 6 in Axes
  1637 | D:2      | Found a runed door.
  1641 | D:2      | Noticed Crazy Yiuf
  1644 | D:2      | Killed Crazy Yiuf
  1644 | D:2      | Reached XP level 5. HP: 41/45 MP: 4/4
  2066 | D:3      | Found an ancient bone altar of Kikubaaqudgha.
  2159 | D:3      | Reached skill level 7 in Axes
  2500 | D:4      | Reached XP level 6. HP: 51/51 MP: 5/5
  2537 | D:4      | Reached skill level 8 in Axes
  2778 | D:4      | Reached skill level 9 in Axes
  3099 | D:5      | Entered Level 5 of the Dungeon
  3134 | D:5      | Reached XP level 7. HP: 56/57 MP: 6/6
  3419 | D:5      | Reached skill level 10 in Axes
  3846 | D:6      | Noticed Sigmund
  3848 | D:6      | Noticed Prince Ribbit
  3849 | D:6      | Reached skill level 11 in Axes
  3865 | D:6      | Killed Prince Ribbit
  3865 | D:6      | Reached XP level 8. HP: 39/64 MP: 7/7
  3868 | D:6      | Killed Sigmund
  3868 | D:6      | Reached skill level 12 in Axes
  4119 | D:6      | Noticed Edmund
  4125 | D:6      | Killed Edmund
  4378 | D:6      | Noticed Grinder
  4391 | D:6      | Killed Grinder
  4391 | D:6      | Reached skill level 13 in Axes
  4563 | D:7      | Noticed a hornet
  4574 | D:7      | Paralysed by a hornet for 1 turns
  4580 | D:7      | Killed a hornet
  4580 | D:7      | Reached XP level 9. HP: 19/70 MP: 8/8
  5021 | D:7      | Got a spiked plate armour
  5032 | D:7      | Identified the +4 plate armour of Happy Babbling {+Blink rPois Int+3} (You found it on level 7 of the Dungeon)
  5060 | D:7      | Reached skill level 14 in Axes
  5414 | D:7      | Found a staircase to the Ecumenical Temple.
  5419 | Temple   | Entered the Ecumenical Temple
  5503 | Temple   | Became a worshipper of Warmaster Okawaru
  5869 | D:8      | Reached skill level 15 in Axes
  6134 | D:8      | Noticed a two-headed ogre
  6142 | D:8      | Killed a two-headed ogre
  6142 | D:8      | Reached * piety under Okawaru
  6142 | D:8      | Reached skill level 16 in Axes
  6322 | D:8      | Reached ** piety under Okawaru
  6456 | D:8      | Noticed a two-headed ogre
  6463 | D:8      | Killed a two-headed ogre
  6463 | D:8      | Reached *** piety under Okawaru
  6463 | D:8      | Reached XP level 10. HP: 54/77 MP: 9/9
  6498 | D:8      | Found a flagged portal.
  6507 | Bailey   | Entered a bailey
  7007 | Bailey   | Reached skill level 1 in Invocations
  7021 | Bailey   | Reached skill level 1 in Throwing
  7717 | D:8      | Reached **** piety under Okawaru
  8162 | D:9      | Reached skill level 5 in Armour
  8162 | D:9      | Reached skill level 5 in Shields
  8164 | D:9      | Reached skill level 5 in Fighting
  8175 | D:9      | Received a gift from Okawaru
  8612 | D:9      | Reached ***** piety under Okawaru
  8720 | D:9      | Found a staircase to the Lair.
  9651 | D:9      | Reached XP level 11. HP: 88/88 MP: 12/12
  9768 | D:10     | Entered Level 10 of the Dungeon
 10070 | D:10     | Found a glowing golden altar of the Shining One.
 10176 | D:10     | Noticed Josephine
 10213 | D:10     | Killed from afar by Josephine

Vault maps used:
D:1:      mrwooster_arrival_statue_2, st_stairs_11
D:2:      gammafunk_temple_overflow_statue, minivault_26,
          uniq_crazy_yiuf_cottage, uniq_natasha
D:3:      first_ration, lemuel_statue_altar
D:4:      minmay_gold_behind_fungi
D:6:      hangedman_glass_teeth, uniq_sigmund, uniq_prince_ribbit1, uniq_edmund,
          uniq_grinder
D:7:      temple_doors_e
D:8:      enter_bailey_3, hangedman_pestilent_swarm
D:9:      due_lair_maze_entry_diamond
D:10:     tso_metal_star, uniq_josephine
Temple:   regret_index_temple_chain_breaker
Bailey:   bailey_polearm_gnolls_kennysheep, bailey

Skill      XL: |  1  2  3  4  5  6  7  8  9 10 11 |
---------------+----------------------------------+-----
Axes           | 3 4 5 6 7 9 11 13 16 | 16.6
Shields        | 5 6 |  6.1
Invocations    | 3 |  3.8
Fighting       | 5 6 |  6.0
Throwing       | 3 |  3.7
Armour         | 5 6 |  6.1

Action                   |  1- 3 |  4- 6 |  7- 9 | 10-12 || total
-------------------------+-------+-------+-------+-------++-------
Melee: War axe           |    75 |   115 |   260 |   382 ||   832
       Headbutt          |    12 |    18 |    49 |    82 ||   161
Throw: Javelin           |       |       |     6 |       ||     6
Invok: Heroism           |       |       |       |     1 ||     1
       Finesse           |       |       |       |     1 ||     1
Evoke: Wand              |       |       |     4 |       ||     4
  Use: Potion            |       |       |     2 |       ||     2
       Scroll            |       |       |       |     6 ||     6
  Eat: Chunk             |     1 |     2 |    12 |     8 ||    23
       Ration            |       |     1 |       |     1 ||     2
Armor: Scale mail        |    18 |       |       |       ||    18
       Chain mail        |    29 |       |       |       ||    29
       Plate armour      |       |    52 |   140 |   149 ||   341
Dodge: Dodged            |    27 |    10 |    45 |    56 ||   138
Block: Shield            |    39 |    46 |    98 |   124 ||   307

Table legend:
 A = Spawn XP
 B = Non-spawn XP
 C = Spawn XP percentage of total XP
 D = Spawn monster count
 E = Non-spawn monster count
 F = Spawn count percentage of total count
 G = Total turns spent on level
                    A         B        C        D         E        F      G
               +---------+---------+-------+---------+---------+-------+---------
         Total |       0 |   12794 |   0.0 |       0 |     225 |   0.0 | 10213
               +---------+---------+-------+---------+---------+-------+---------
           D:1 |       0 |      52 |   0.0 |       0 |      24 |   0.0 |   796
           D:2 |       0 |     156 |   0.0 |       0 |       9 |   0.0 |   911
           D:3 |       0 |     114 |   0.0 |       0 |      10 |   0.0 |   743
           D:4 |       0 |     397 |   0.0 |       0 |      13 |   0.0 |   649
           D:5 |       0 |     491 |   0.0 |       0 |      11 |   0.0 |   621
           D:6 |       0 |    1315 |   0.0 |       0 |      22 |   0.0 |   801
           D:7 |       0 |    1008 |   0.0 |       0 |      25 |   0.0 |  1435
           D:8 |       0 |    4204 |   0.0 |       0 |      36 |   0.0 |  1358
           D:9 |       0 |    2040 |   0.0 |       0 |      25 |   0.0 |  1450
          D:10 |       0 |    1784 |   0.0 |       0 |      20 |   0.0 |   445
        Bailey |       0 |    1233 |   0.0 |       0 |      30 |   0.0 |   907
               +---------+---------+-------+---------+---------+-------+---------
